Cogmind - Beta 10.2 @@@ ROGUE MODE // 2022.02.22 @ 18:21:07 Player: woegarden Result: Destroyed self with Improved Grenade Launcher Performance ------------- Evolutions (0) 0 Regions Visited (2) 400 Robots Destroyed (23) 115 Value Destroyed (645) 645 Prototype IDs (2) 40 Alien Tech Used (0) 0 Bonus (0) 0 TOTAL SCORE: 1200 Bonus ------- None Cogmind --------- Core Integrity 0/250 Matter 169/300 Energy 160/160 System Corruption 0% Temperature Cool (51) Movement Walking (180) Ox2 Location -10/Mines Parts ------- > --- POWER (1) -------- Light Nuclear Core > --- PROPULSION (2) --- Aluminum Leg Aluminum Leg > --- UTILITY (2) ------ Medium Storage Unit High-capacity Storage Unit > --- WEAPON (2) ------- Improved Grenade Launcher > --- INVENTORY (16) --- Light Deuterium Engine Light Treads Light Treads Light Treads Airjet Airjet Improved Heat Sink High-capacity Battery (400) Hardened Medium Armor Plating Hardened Medium Armor Plating Hacking Suite System Shield Ion Cannon Ion Cannon Improved Datajack Peak State ------------ > --- POWER ------------ Light Nuclear Core > --- PROPULSION ------- Aluminum Leg Aluminum Leg > --- UTILITY ---------- Medium Storage Unit High-capacity Storage Unit > --- WEAPON ----------- EM Pulse Cannon Improved Grenade Launcher > --- INVENTORY -------- Light Deuterium Engine Light Treads Light Treads Light Treads Improved Heat Sink High-capacity Battery Hardened Medium Armor Plating Hardened Medium Armor Plating Hacking Suite System Shield Improved Trap Extractor Ion Cannon Grenade Launcher Improved Datajack [Rating: 16] Favorites ----------- Power Light Nuclear Core Engine Light Ion Engine Power Core Light Nuclear Core Propulsion Aluminum Leg Leg Aluminum Leg Utility High-capacity Storage Unit Device Improved Heat Sink Storage High-capacity Storage Unit Weapon Beam Cannon Energy Gun Medium Laser Energy Cannon Beam Cannon Ballistic Gun Light Assault Rifle Launcher Improved Grenade Launcher Build | -11 -10 -10 ------- Run | Scr Mat Min Slots Evolved . | . . . Power . | . . . Propulsion . | . . . Utility . | . . . Weapon . | . . . Parts Attached 25 | 7 12 6 Power 4 | 1 2 1 Engine 3 | 1 2 . Core 1 | . . 1 Reactor . | . . . Propulsion 4 | 2 2 . Treads . | . . . Leg 4 | 2 2 . Wheel . | . . . Hover . | . . . Flight . | . . . Utility 7 | 2 3 2 Device 2 | . 1 1 Storage 5 | 2 2 1 Processor . | . . . Hackware . | . . . Protection . | . . . Artifact . | . . . Weapon 10 | 2 5 3 Energy Gun 4 | 2 2 . Energy Cannon 3 | . 2 1 Ballistic Gun 1 | . 1 . Ballistic Cannon . | . . . Launcher 2 | . . 2 Special Weapon . | . . . Impact Weapon . | . . . Slashing Weapon . | . . . Piercing Weapon . | . . . Special Melee Weapon . | . . . Unidentified Prototypes . | . . . Parts Lost 8 | . 6 2 Power 2 | . 2 . Propulsion . | . . . Utility . | . . . Weapon 6 | . 4 2 Highest Loss Streak 6 | . 6 1 Average Slot Usage (%) 97 | . 95 98 Engine 7 | . 11 3 Core 6 | . . 10 Leg 28 | . 28 28 Device 3 | . . 6 Storage 24 | . 27 21 Energy Gun 3 | . 9 . Energy Cannon 17 | . 16 17 Launcher 4 | . . 8 Naked Turns . | . . . Heaviest Build 57 | 17 49 57 Greatest Support 20 | 20 20 20 Greatest Overweight (x) 2 | 1 2 2 Average Overweight (x) 1 | . . 2 Largest Inventory Capacity 16 | 8 16 16 Average Capacity 13 | 6 12 14 Most Carried 16 | 6 8 16 Average Carried 9 | 4 6 11 Final Capacity 16 | 8 12 16 Final Carried 15 | 5 6 15 Class Distribution -------------------- 100% | Mutant Dominant Class ---------------- Mutant | -10/Materials Mutant | -10/Mines Resources | -11 -10 -10 ----------- Run | Scr Mat Min Matter Collected 443 | 270 89 84 Remotely . | . . . Salvage Created 794 | 97 543 154 Parts 47 | 3 32 12 Haulers Intercepted 1 | . 1 . Recyclers Shooed . | . . . Parts Field Recycled . | . . . Retrieved Matter . | . . . Parts Self-Destructed . | . . . Prevented . | . . . Kills | -11 -10 -10 ------- Run | Scr Mat Min Combat Hostiles Destroyed 16 | . 11 5 Guns 7 | . 7 . Cannons 4 | . 4 . AOE 5 | . . 5 Classes Destroyed 9 | 1 5 3 Worker 1 | . 1 . Builder 1 | . . 1 Tunneler 2 | . . 2 Hauler 1 | . 1 . Recycler 1 | 1 . . Watcher 1 | . 1 . Swarmer 1 | . 1 . Grunt 13 | . 10 3 Sentry 2 | . . 2 Best Kill Streak 3 | 1 3 3 Combat Bots Only 3 | . 3 2 Max Kills in Single Turn 1 | 1 1 1 Gunslinging . | . . . Exploded 1 | . . 1 Melee . | . . . Uniques/NPCs Destroyed . | . . . Combat | -11 -10 -10 -------- Run | Scr Mat Min Damage Taken 1331 | . 898 433 Core 254 | . 134 120 Absorbed by Shields . | . . . Core Remaining (%) 100 | 100 . . Volleys Fired 70 | 2 54 14 Largest 2 | 2 2 2 Hottest 120 | 90 120 120 Shots Fired 108 | 4 86 18 Gun 53 | 4 49 . Cannon 43 | . 37 6 Launcher 12 | . . 12 Special . | . . . Kinetic 11 | . 11 . Thermal 71 | 2 63 6 Explosive 12 | . . 12 Electromagnetic 14 | 2 12 . Robot Hit Streak 11 | 4 11 8 Robot Miss Streak 3 | . 3 2 Penetration Max . | . . . Secondary Targets 1 | . 1 . Max Gunslinging Chain 1 | . 1 . Shots Hit Robots 67 | 4 53 10 Core Hits 38 | 2 23 13 Critical Hits . | . . . Critical Kills . | . . . Critical Parts Destroyed . | . . . Melee Attacks . | . . . Impact . | . . . Slashing . | . . . Piercing . | . . . Sneak Attacks . | . . . Combat Hostiles . | . . . Follow-up Attacks . | . . . Damage Inflicted 1478 | 51 733 694 Guns 426 | 51 375 . Cannons 333 | . 297 36 Explosions 704 | . 46 658 Melee . | . . . Ramming 15 | . 15 . Kinetic 57 | . 57 . Thermal 607 | 25 546 36 Explosive 658 | . . 658 Electromagnetic 141 | 26 115 . Impact . | . . . Slashing . | . . . Piercing . | . . . Highest Corruption . | . . . Average Corruption . | . . . Corruption Purged . | . . . Overload Shots . | . . . Overflow Damage 37 | . . 37 Projectiles . | . . . Explosions 37 | . . 37 Melee . | . . . Knockbacks . | . . . Impact . | . . . Kinetic . | . . . Secondary . | . . . Self-Inflicted Damage 110 | . 3 107 Shots 3 | . . 3 Rammed 6 | . 6 . Targets Rammed 8 | . 8 . Kicked 2 | . 2 . Crushed . | . . . Highest Temperature 302 | 60 302 51 Average Temperature 88 | 30 101 16 Received Heat Transfer 510 | . 387 123 Siege Activations . | . . . Robots Corrupted . | . . . Combat Hostiles . | . . . Parts Fried . | . . . Impact Corruptions . | . . . Robots Melted . | . . . Combat Hostiles . | . . . Parts Melted 1 | . 1 . Heat Transferred 1361 | 74 1213 74 Parts Sabotaged . | . . . Parts Stolen . | . . . Parts Stripped . | . . . Power Chain Reactions 1 | . 1 . Missiles Intercepted . | . . . Alert | -11 -10 -10 ------- Run | Scr Mat Min Peak Influence 155 | 5 155 135 Initial 57 | . 3 57 Average 53 | 2 69 46 Maximum Alert Level . | . . . Low Security (%) 100 | 100 100 100 Level 1 . | . . . Level 2 . | . . . Level 3 . | . . . Level 4 . | . . . Level 5 . | . . . High Security . | . . . Max Security . | . . . Squads Dispatched 4 | . 3 1 Investigation 2 | . 1 1 Extermination . | . . . Reinforcement 2 | . 2 . Assault . | . . . Garrison . | . . . Intercept . | . . . Construction Impeded . | . . . Haulers Reinforced . | . . . Stealth | -11 -10 -10 --------- Run | Scr Mat Min Distress Signals 2 | . 2 . Communications Jammed . | . . . Distress Signals . | . . . Times Spotted 27 | . 21 6 Peak Tracking Total 4 | . 4 2 Tactical Retreats . | . . . Traps | -11 -10 -10 ------- Run | Scr Mat Min Traps Triggered 2 | . 1 1 Indirectly . | . . . Trap Hack Attempts . | . . . Triggered . | . . . Disarmed . | . . . Reprogrammed . | . . . Reused . | . . . Traps Extracted . | . . . Installed . | . . . Triggered . | . . . Machines | -11 -10 -10 ---------- Run | Scr Mat Min Machines Disabled 4 | . 1 3 Max in Single Turn 2 | . 1 2 Machines Sabotaged . | . . . Garrisons Compromised . | . . . Overloaded Fab Kills . | . . . Fab Network Shutdowns . | . . . Hacking | -11 -10 -10 --------- Run | Scr Mat Min Machines Accessed 3 | . 1 2 Terminals 1 | . 1 . Fabricators . | . . . Repair Stations . | . . . Recycling Units . | . . . Scanalyzers . | . . . Garrison Access . | . . . Total Hacks 3 | . 1 2 Successful 3 | . 1 2 Failed . | . . . Catastrophic . | . . . Database Lockouts . | . . . Manual . | . . . Terminals 1 | . 1 . Fabricators . | . . . Repair Stations . | . . . Recycling Units . | . . . Scanalyzers . | . . . Garrison Access . | . . . Terminal Hacks 3 | . 1 2 Prototype ID Bank 1 | . 1 . Open Door 2 | . . 2 Fabricator Hacks . | . . . Repair Station Hacks . | . . . Recycling Unit Hacks . | . . . Scanalyzer . | . . . Garrison Access Hacks . | . . . Unauthorized Hacks . | . . . Terminals . | . . . Fabricators . | . . . Repair Stations . | . . . Recycling Units . | . . . Scanalyzers . | . . . Garrison Access . | . . . Data Cores Recovered . | . . . Used . | . . . Hacking Detections 1 | . 1 . Full Trace Events . | . . . Feedback Events . | . . . Feedback Blocked . | . . . Robot Schematics Acquired . | . . . Robots Built . | . . . Matter . | . . . Time . | . . . Total Robot Build Rating . | . . . Part Schematics Acquired . | . . . Parts Built . | . . . Matter . | . . . Time . | . . . Total Part Build Rating . | . . . Parts Repaired . | . . . Time . | . . . Parts Recycled . | . . . Recycled Matter . | . . . Retrieved Matter . | . . . Retrieved Components . | . . . Parts Scanalyzed . | . . . Part Schematics Acquired . | . . . Parts Damaged . | . . . Bothacking | -11 -10 -10 ------------ Run | Scr Mat Min Used RIF Installer . | . . . Robots Hacked . | . . . Non-combat . | . . . Combat . | . . . Robot Hacks Applied . | . . . Relay Couplers Released . | . . . Robots Rewired . | . . . Allies Hacked . | . . . Hacks Repelled . | . . . Allies | -11 -10 -10 -------- Run | Scr Mat Min Total Allies . | . . . Largest Group . | . . . Highest-Rated Group . | . . . Highest-Rated Ally . | . . . Total Orders . | . . . Ally Attacks . | . . . Total Damage . | . . . Kills . | . . . Allies Corrupted . | . . . Allies Melted . | . . . Intel | -11 -10 -10 ------- Run | Scr Mat Min Robot Analysis Total . | . . . Derelict Logs Recovered 2 | . . 2 Drone Launches . | . . . Drone Recoveries . | . . . Exploration | -11 -10 -10 ------------- Run | Scr Mat Min Turns Passed 1912 | 79 753 1080 Spaces Moved 986 | 54 372 560 Core 13 | 13 . . Treads . | . . . Legs 973 | 41 372 560 Wheels . | . . . Hover . | . . . Flight . | . . . Fastest Speed 50 | 50 120 180 Average Speed 163 | 105 147 180 Slowest Speed 180 | 120 180 180 Overloaded Moves . | . . . Propulsion Burnouts . | . . . Robots Hopped . | . . . Cave-ins Triggered . | . . . Exploration Rate (%) 49 | 5 55 89 Regions Visited 2 Branch Regions 1 Pre-discovered Areas 1 | . . 1 Known Exits Taken . | . . . Unknown Exits Taken 2 | 1 1 . Scrap Searched 1 | . . 1 Spaces Dug . | . . . Terrain Destroyed 96 | . 3 93 Melee . | . . . Projectile . | . . . AOE 96 | . 3 93 Terrain Rammed . | . . . Walls Destroyed . | . . . Machines Disabled . | . . . Actions | -11 -10 -10 --------- Run | Scr Mat Min Total 1176 | 71 488 617 Wait 44 | . 29 15 Move 984 | 53 371 560 Hop . | . . . Pick Up 35 | 9 10 16 Fast Attach 4 | 3 1 . Attach 12 | 4 5 3 Detach . | . . . Swap 9 | . 6 3 Drop 10 | . 4 6 Fire 70 | 2 54 14 Melee . | . . . Ram . | . . . Kick 8 | . 8 . Crush . | . . . Escape Stasis . | . . . Rewire . | . . . Trap . | . . . Miscellaneous . | . . . Route ------- -11/Scrapyard -10/Materials (discovered 3 exits: [*Mat] / *Min x2) -10/Mines (discovered 2 exits: [*Mat x2]) History --------- Turn | Location | Event 9 | -11/Scrapyard | Discovered new exit (range 15) 80 | -11/Scrapyard | Entered Materials 322 | -10/Materials | Build established: Mutant 396 | -10/Materials | Lost 6 parts (2p4w) 489 | -10/Materials | Discovered new exit (range 16) 518 | -10/Materials | Discovered new exit (range 14) 671 | -10/Materials | Discovered new exit (range 14) 831 | -10/Materials | Core integrity fell below 50% 833 | -10/Materials | Entered Mines 834 | -10/Mines | Learned location of Storage (-7) 1107 | -10/Mines | Met a Derelict who couldn't figure out how to use a Trap Extractor 1222 | -10/Mines | A weapon hastily lodged in a ceiling crevice suddenly fell to the ground 1320 | -10/Mines | Met a Derelict shopkeep closing up shop 1506 | -10/Mines | Learned Materials emergency access door positions 1513 | -10/Mines | Discovered new exit (range 6) 1604 | -10/Mines | Discovered new exit (range 7) 1913 | -10/Mines | Destroyed self with Improved Grenade Launcher Last Messages --------------- 01636_ Machine disabled. 01638_ Y-45 Defender destroyed. 01645_ The unstable cave ceiling collapses. 01707_ U-05 Engineer destroyed. 01709_ G-47 Trooper destroyed. 01711_ Destroyed Ion Engine. 01713_ G-34 Mercenary destroyed. 01715_ The unstable cave ceiling collapses. 01718_ K-01 Serf collects debris. 01721_ Acquired 16 matter. 01722_ K-01 Serf collects debris. 01760_ Acquired Grenade Launcher. 01773_ K-01 Serf collects debris. 01800_ Acquired 11 matter. 01804_ The unstable cave ceiling collapses. 01805_ K-01 Serf collects debris. 01908_ Seismic Survey Station disabled. 01908_ Grenade Launcher destroyed. 01908_ Destroyed Grenade Launcher. 01911_ G-34 Mercenary destroyed. Map ----- +----------------------------------------------------+ | ??# #??## # #?# ########????? | | ### #???## ### #### #????? | | ##????###?###?# #????? | | ##???########### ### #????? | | ###????# ##?????????? | | ######?# #??????????? | | #### ### ####### #??????????? | | ??# ## #?????## ##??????????? | | ?## ## ######?####???????????? | | ## # ## ##???????????????? | | #####???????????? | | ##??????????? | | #??????????? | | ## #??????????? | | ######## #??????????? | | # ## ##??????### #??????????? | | ####?## ##?????????# #??????????? | | ??????# #??????????# #??????????? | | ??????# #??????????# #??????????? | | ??????# ??????????# #??????????? | | ?????? ??????????# #??????????? | | ?????# ??????????# #????##??#?? | | ?????# ?????????# #??? # #?? | | ????? ?????????# #### ##? | | ????? ?????????# # # # | | ?????## ##?????????# @ % # | | ???????##???????????###### # | | ?????????????????????????# # | | ?????????????????????????# g # | | ?????????????????????????# # | | ?????????????????????????### # | | ????????????????????????????# #### | | ?????????????????????????????###??? | | ??????????????????????????????????? | | ??????????????????????????????????? | | ??????????????????????????????????? | | ??????????????????????????????????? | | | | | | | | | | | | | | | | | | | | | | | | | | | +----------------------------------------------------+ Best States ------------- Heat Dissipation 39 Energy Generation 14 Energy Capacity 250 Matter Stores 300 Matter Capacity 300 Sight Range 16 Terrain Scan Density 10 Evasion (%) 50 Item Schematics ----------------- None Robot Schematics ------------------ None Fabricated ------------ Nothing Alien Tech Used ----------------- None Achievements -------------- None Challenges ------------ None Game ------ Seed NetworkChipRail Manual? 0 Play Time 00:17:26 Cumulative 32.0 hours Start 2022.02.22 @ 18:04:31 End 2022.02.22 @ 18:21:07 Sessions 1 Manual Loads 0 Difficulty Rogue Special Mode None Game No. 41 Rogue 11 Adventurer 30 Explorer 0 Win Type - Total 0 Types 0/0/0/0/0/0/0/0/0 Lore% 21 Gallery% 29 Achievement% 23 Wizard Run 0 Options --------- ASCII 0 Keyboard 0 Movement Mouse Keybinds 0 Fullscreen 2 Font 16/Proggy Map View 76x50 Tactical HUD 1 Map Filters NONE Filters NONE Steam 1 RUN: 9d95dbc9-7184-4c04-ae4c-731740e11e22